 Dungeon Crawl Stone Soup version 0.30.0 (webtiles) character file.

Game seed: 14598928925833157971

9 Dani the Trooper (level 2, 24/24 HPs)
             Began as a Demonspawn Fighter on May 20, 2023.
             Quit the game on level 1 of the Dungeon.
             The game lasted 00:00:32 (394 turns).

Dani the Trooper (Demonspawn Fighter)                Turns: 394, Time: 00:00:33

Health: 24/24      AC:  6    Str: 16    XL:     2   Next: 3%
Magic:  2/2        EV:  8    Int:  9    God:
Gold:   6          SH:  4    Dex: 12    Spells: 1/1 levels left

rFire   . . .        a - +0 war axe
rCold   . . .        c - +0 buckler
rNeg    . . .        b - +0 scale mail
rPois   .            (no helmet)
rElec   .            (no cloak)
rCorr   .            (no gloves)
SInv    .            (no boots)
Will    .....        (no amulet) Stlth
                     (no ring)
HPRegen 0.24/turn    (no ring)
MPRegen 0.08/turn

%: no passive effects
@: no status effects
A: weakness stinger 1
a: no special abilities


You were on level 1 of the Dungeon.
You visited 1 branch of the dungeon, and saw 1 of its levels.

You collected 6 gold pieces.

Inventory:

Hand Weapons
 a - a +0 war axe (weapon)
Armour
 b - a +0 scale mail (worn)
 c - a +0 buckler (worn)
Jewellery
 l - a ring of flight
   (You found it on level 1 of the Dungeon)
Potions
 d - a potion of might
 e - a potion of lignification
 g - a potion of curing {unknown}


   Skills:
 - Level 3.0 Fighting
 + Level 2.5 Axes
 - Level 2.6 Armour
 - Level 2.6 Shields


You had one spell level left.
You didn't know any spells.
Your spell library was empty.

Dungeon Overview and Level Annotations

Branches:
Dungeon (1/15)

Altars:


Innate Abilities, Weirdness & Mutations

You have a small tail.


Message History

A rat comes into view.
Found an ivory ring.
The rat moves out of view.
No target in view!
No target in view!
A rat is nearby!
The rat barely misses you.
A rat is nearby!
You hit the rat.
The rat is heavily wounded.
The rat bites you but does no damage.
A rat is nearby!
You hit the rat but do no damage.
The rat is heavily wounded.
The rat bites you but does no damage. The rat closely misses you.
A rat is nearby!
You closely miss the rat.
The rat is heavily wounded.
The rat bites you but does no damage.
A rat is nearby!
You slash the rat!
You kill the rat!
Key pressed, stopping explore.
No target in view!
No target in view!
l - a ring of flight No target in view!
Found a stone staircase leading down.
Found a barding.
Okay, then.
You see here a +0 barding.
Key pressed, stopping explore.
Found a stone staircase leading down.
You open the door.
Key pressed, stopping explore.
There is an open door here.
Key pressed, stopping explore.
You open the door.
There is an open door here.
You open the door.
Key pressed, stopping explore.
There is an open door here.
Key pressed, stopping explore.
Found a barding.
Key pressed, stopping explore.
Found a ring mail.
A kobold comes into view. It is wielding a +0 short sword.
Found a stone staircase leading down.
The kobold shouts!
A kobold is nearby!
A kobold is nearby!
A kobold is nearby!
A kobold is nearby!
A kobold is nearby!
Found a scroll labelled YVUEVIPSEG.
A kobold is nearby!
The kobold hits you but does no damage.
A kobold is nearby!
You barely miss the kobold.
The kobold hits you with a +0 short sword.
A kobold is nearby!
You closely miss the kobold.
The kobold hits you with a +0 short sword.
* * * LOW HITPOINT WARNING * * *
You hit the kobold but do no damage. The kobold hits you but does no damage.
You block the kobold's attack.
A kobold is nearby!
You closely miss the kobold. You block the kobold's attack.
A kobold is nearby!
You hit the kobold.
The kobold is severely wounded.
The kobold hits you with a +0 short sword.
* * * LOW HITPOINT WARNING * * *
You block the kobold's attack.
A kobold is nearby!
You slash the kobold!
You kill the kobold!
Key pressed, stopping explore.
No target in view!
Key pressed, stopping explore.
No target in view!
No target in view!
h - a scroll labelled YVUEVIPSEG Key pressed, stopping explore.
An endoplasm comes into view.
The endoplasm quivers.
The endoplasm jiggles.
As you read the scroll labelled REJUHOENNO, it crumbles to dust.
It is a scroll of identify.
e - a potion of lignification The air fills with toxic fumes!
As you read the scroll labelled YVUEVIPSEG, it crumbles to dust.
It was a scroll of poison.
You slash the endoplasm!
You kill the endoplasm!
You have reached level 2!
Your demonic ancestry asserts itself...
You grow a small tail.
Partly explored, can't reach some places.
Partly explored, can't reach some places.
Partly explored, can't reach some places.
Are you sure you want to abandon this character and quit the game? (Confirm with "yes".)

##.#.#[....#.#....##.
#§.###.#.#.###.....#.
#§................##.
#§§###.#.#.###.......
#
##☼§#§☼.#.#...#.#.####
§§#§§§#§###§###.#.#.#
#§§§§§☼§§§§§☼.....#.#
#§#§§§§§§☼###..#.##.#
.☼§§§§§§@#.# #.##.##.#
##§###☼#§#.###.......#
###☼#........####
#§########## #§# #.#
§§§ #☼#


There were no monsters in sight!

Vanquished Creatures
  A dart slug (D:1)
  An endoplasm (D:1)
  2 kobolds (D:1)
  A quokka (D:1)
  A rat (D:1)
6 creatures vanquished.

Notes
Turn   | Place    | Note
-------+----------+-------------------------------------------
     0 | D:1      | Dani the Demonspawn Fighter began the quest for the Orb.
     0 | D:1      | Reached XP level 1. HP: 18/18 MP: 1/1
    46 | D:1      | HP: 2/18 [kobold/+0 short sword (3)]
    49 | D:1      | Reached skill level 2 in Axes
   394 | D:1      | Gained mutation: You have a small tail. [demonic ancestry]
   394 | D:1      | Reached XP level 2. HP: 24/24 MP: 2/2
   394 | D:1      | Quit the game

Illustrated notes

Levels and vault maps discovered:
D:1:      ebering_trefoil_twist, layout_loops_corners, minmay_misc_feat_roman

Skill      XL: |  1 |
---------------+----+-----
Axes           | 2 |  2.5
Fighting       | |  3.0
Armour         | |  2.6
Shields        | |  2.6

Action                     || total
---------------------------++-------
  Melee: War axe           ||    23
    Use: Scroll            ||     2
 Armour: Scale mail        ||     8
  Dodge: Dodged            ||     5
  Block: Buckler           ||     4

Levels and vault maps discovered:
D:1:      ebering_trefoil_twist, layout_loops_corners, minmay_misc_feat_roman

Table legend: (Time is in decaauts)
 A = Elapsed time spent in this place.
 B = Non-inter-level travel time spent in this place.
 C = Inter-level travel time spent in this place.
 D = Time resting spent in this place.
 E = Time spent auto-exploring this place.
 F = Levels seen in this place.
 G = Mean time per level.
                   A        B        C        D        E       F      G
               +--------+--------+--------+--------+--------+-----+--------+
         Total |    403 |    403 |      0 |      0 |    345 |   1 |  403.0 |
       Dungeon |    403 |    403 |      0 |      0 |    345 |   1 |  403.0 |
               +--------+--------+--------+--------+--------+-----+--------+

Top non-repeatable levels by time:
     D:1: 403 daAuts

Table legend:
 A = Kills in this place as a percentage of kills in the entire game.
 B = Kills by you in this place as a percentage of kills by you in the entire game.
 C = Kills by friends in this place as a percentage of kills by friends in the entire game.
 D = Other kills in this place as a percentage of other kills in the entire game.
 E = Experience gained in this place as a percentage of experience gained in the entire game.
 F = Experience gained in this place divided by the number of levels of this place that you have seen.
                   A       B       C       D       E      F
               +-------+-------+-------+-------+-------+----------------------
         Total | 100.0 | 100.0 |   N/A |   N/A | 100.0 |  13.0
       Dungeon | 100.0 | 100.0 |   N/A |   N/A | 100.0 |  13.0
               +-------+-------+-------+-------+-------+----------------------
